 Dungeon Crawl Stone Soup version 0.28.0-45-g0d030f2227 (webtiles) character file.

Game seed: 3175866833191936485

26 ZappyNine the Sneak (level 3, -2/22 HPs)
             Began as a Kobold Brigand on Apr 22, 2022.
             Slain by an adder (4 damage)
             ... on level 1 of the Dungeon.
             The game lasted 00:00:39 (797 turns).

ZappyNine the Sneak (Kobold Brigand)                 Turns: 797, Time: 00:00:39

Health: -2/22      AC:  3    Str:  8    XL:     3   Next: 22%
Magic:  3/3        EV: 15    Int: 12    God:
Gold:   21         SH:  0    Dex: 24    Spells: 2/2 levels left

rFire   . . .      SeeInvis .   a - +2 dagger
rCold   . . .      Faith    .   (no shield)
rNeg    . . .      Spirit   .   b - +0 robe
rPois   .          Reflect  .   (no helmet)
rElec   .          Harm     .   c - +0 cloak
rCorr   .          Rampage  .   (no gloves)
Will    .....                   (no boots)
Stlth   +++++.....              (no amulet)
HPRegen 0.07/turn               g - +6 ring of dexterity
MPRegen 0.08/turn               (no ring)

@: no status effects
A: small, no large weapons, nightstalker 3
a: no special abilities


You were on level 1 of the Dungeon.
You visited 1 branch of the dungeon, and saw 2 of its levels.

You collected 21 gold pieces.

Inventory:

Hand Weapons
 a - a +2 dagger (weapon)
Missiles
 d - 8 poisoned darts (quivered)
 e - 2 curare-tipped darts
Armour
 b - a +0 robe (worn)
 c - a +0 cloak (worn)
Jewellery
 g - a +6 ring of dexterity (left hand)
 h - a ring of see invisible
Scrolls
 f - a scroll of immolation {unknown}
 i - a scroll of identify {unknown}
Potions
 j - a potion of haste {unknown}


   Skills:
 + Level 2.5 Fighting
 + Level 3.1 Short Blades
 + Level 2.5 Throwing
 + Level 2.0 Dodging
 + Level 5.6 Stealth


You had 2 spell levels left.
You didn't know any spells.
Your spell library was empty.

Dungeon Overview and Level Annotations

Branches:
Dungeon (2/15)

Altars:


Innate Abilities, Weirdness & Mutations

You are small and have problems with some larger weapons.
You are completely attuned to the shadows.


Message History

A jackal comes into view.
The adder closely misses you. The goblin misses you. x2
The dart slug launches a dart at you. The slug dart hits you.
The adder bites you.
The dart slug briefly extends its eye-stalks.
The adder bites you.
You are poisoned.
The adder poisons you!
You feel sick.
You feel sick.
You feel sick.
You feel sick. The adder barely misses you.
There is a stone staircase leading up here.
You feel sick.
You are no longer poisoned.
The adder completely misses you.
You climb upwards.
There is a stone staircase leading down here.
You hit the adder.
The adder is moderately wounded.
The adder misses you.
You closely miss the adder.
The adder is moderately wounded.
The adder barely misses you.
You hit the adder.
The adder is heavily wounded.
The adder closely misses you.
You hit the adder.
The adder is heavily wounded.
The adder misses you.
You hit the adder.
The adder is severely wounded.
The adder barely misses you.
You barely miss the adder.
The adder is severely wounded.
The adder bites you.
* * * LOW HITPOINT WARNING * * *
The adder bites you.
You die...

..........###.##....#
..........###.##....#############
..........+......................
#######...####.#....#############
#...................# #.....
#.#############.....# #.#### #.#
#.....#...#..#### #.....
..###.###.###.#..# #..... ......#
#.# #.#.@# #..... .###### #.#
#.#.S# #..... .# #.###.#..######
#..... .# #.....#..#....# #.....
.##############..#....######...).
.'............).['....'.......>..
.#################....#######....
.# ###### #.... ## #####


You could see an adder.

Vanquished Creatures
  2 dart slugs (D:1)
  A bat (D:1)
  4 endoplasms (D:1)
  2 giant cockroaches (D:1)
  3 goblins (D:1)
  2 hobgoblins (D:1)
  A quokka (D:1)
  2 ball pythons (D:1)
  2 frilled lizards (D:1)
19 creatures vanquished.

Notes
Turn   | Place    | Note
-------+----------+-------------------------------------------
     0 | D:1      | ZappyNine the Kobold Brigand began the quest for the Orb.
     0 | D:1      | Reached XP level 1. HP: 12/12 MP: 1/1
    99 | D:1      | Reached XP level 2. HP: 18/18 MP: 2/2
   241 | D:1      | Found a faded altar of an unknown god.
   422 | D:1      | Reached XP level 3. HP: 22/22 MP: 3/3
   797 | D:1      | Slain by an adder

Illustrated notes

Levels and vault maps discovered:
D:1:      dpeg_arrival_shrine, layout_basic, chequers_ecumenical_altar_simple,
          serial_glass, glass_columns_b, glass_columns_a
D:2:      kb_forest_paths, layout_basic, st_stairs_4, uniq_crazy_yiuf_cottage,
          uniq_jessica

Skill      XL: |  1  2  3 |
---------------+----------+-----
Short Blades   | 3 |  3.1
Dodging        | 2 |  2.0
Fighting       | |  2.5
Throwing       | |  2.5
Stealth        | |  5.6

Action                   || total
-------------------------++-------
Melee: Dagger            ||    41
 Stab: Sleeping          ||    14
Armor: Robe              ||     2
Dodge: Dodged            ||    15
